Map: Deathaura LE

Players

Ragnarok (SHIN) - Winner!

  • Race: Zerg Zerg
  • Spawn Location: 5:00

LiquidClem (Clem)

  • Race: Terran Terran
  • Spawn Location: 11:00

VOD

Have the link to the VOD?

Description

Time

  • Played on: Jan. 12, 2021, 1:13 p.m.
  • Length: 17:24
Show
View Real Time Build Order
Export as new Build Order

Ragnarok Zerg - Winner!

Build Orders: Hatch First, Muta Ling Bane 

Get SALT Encoding   

  12  0:00  Drone  
  13  0:12  Overlord  
  13  0:17  Drone  
  14  0:31  Drone x2  
  16  0:48  Hatchery  
  15  0:51  Drone  
  15  0:55  Drone  
  17  0:57  Drone  
  18  1:10  Extractor  
  17  1:13  Spawning Pool  
  17  1:16  Drone  
  17  1:19  Drone  
  18  1:28  Drone  
  19  1:43  Drone  
  20  1:49  Drone  
  21  2:01  Queen x2  
  21  2:02  Zergling x4  
  27  2:11  Overlord  
  27  2:14  Metabolic Boost  
  27  2:17  Drone  
  28  2:31  Hatchery, Drone  
  28  2:34  Drone  
  29  2:40  Drone x2  
  31  2:48  Queen  
  33  2:53  Overlord  
  33  2:56  Drone  
  33  2:57  Drone  
  35  3:00  Drone  
  36  3:12  Drone x3  
  39  3:13  Drone x2  
  39  3:19  Roach Warren  
  40  3:20  Extractor  
  40  3:22  Drone  
  40  3:25  Overlord  
  40  3:29  Overlord  
  40  3:32  Drone  
  41  3:58  Roach x4  
  41  4:00  Roach x5  
  41  4:02  Overlord  
  59  4:11  Zergling x8  
  63  4:20  Overlord  
  63  4:21  Zergling x6  
  63  4:22  Zergling x4  
  68  4:32  Zergling x6  
  68  4:33  Zergling x4  
  68  4:36  Overlord  
  73  4:43  Ravager  
  73  4:44  Ravager x2  
  76  4:46  Ravager  
  76  4:49  Zergling x2  
  76  4:50  Zergling x8  
  82  4:56  Zergling x6  
  82  4:57  Zergling x2  
  86  5:00  Zergling x4  
  88  5:11  Zergling x2  
  88  5:12  Zergling x2  
  90  5:25  Drone x5  
  90  5:26  Drone  
  90  5:27  Drone  
  90  5:28  Queen  
  88  5:29  Drone  
  79  5:36  Zergling x2  
  79  5:37  Lair  
  79  5:38  Zergling x2  
  79  5:42  Drone  
  78  5:43  Ravager x2  
  78  5:46  Drone  
  78  5:49  Drone  
  74  5:50  Queen  
  74  5:53  Drone  
  71  5:57  Drone  
  71  5:59  Drone  
  71  6:01  Drone  
  69  6:07  Drone  
  69  6:08  Drone  
  69  6:10  Drone x3  
  66  6:14  Spore Crawler, Drone  
  66  6:15  Spore Crawler  
  66  6:16  Spore Crawler  
  66  6:18  Drone  
  65  6:20  Drone x3  
  65  6:23  Drone x3  
  65  6:25  Drone  
  71  6:26  Queen  
  71  6:28  Spore Crawler  
  71  6:30  Drone  
  73  6:35  Overseer  
  73  6:38  Drone  
  74  6:40  Baneling Nest, Drone x4  
  74  6:42  Extractor  
  74  6:43  Extractor x2  
  74  6:46  Overlord, Spire, Drone  
  74  6:48  Drone  
  74  6:51  Drone x2  
  74  6:52  Drone x2  
  74  6:53  Drone  
  80  6:57  Extractor, Drone x3  
  82  7:03  Evolution Chamber  
  82  7:04  Queen  
  82  7:06  Evolution Chamber  
  82  7:10  Zergling x12  
  88  7:16  Zergling x4  
  88  7:20  Overlord  
  88  7:23  Zergling x4  
  88  7:24  Overlord  
  88  7:26  Overlord  
  88  7:28  Centrifical Hooks, Baneling x4  
  87  7:30  Drone x2  
  87  7:31  Drone  
  87  7:35  Drone x2  
  87  7:36  Zerg Melee Weapons Level 1  
  90  7:40  Drone x3  
  90  7:43  Zerg Ground Armor Level 1  
  90  7:44  Baneling  
  92  7:45  Baneling  
  92  7:47  Baneling x3  
  92  7:50  Zergling x4  
  92  7:53  Drone x2  
  92  7:55  Zergling x4  
  94  8:08  Overlord  
  94  8:09  Hatchery  
  93  8:16  Mutalisk x5  
  103  8:25  Mutalisk x2  
  103  8:26  Mutalisk  
  109  8:33  Mutalisk  
  110  8:34  Zergling x2  
  110  8:35  Zergling x12  
  110  8:39  Baneling x4  
  116  8:43  Zergling x2  
  116  8:44  Zergling x8  
  121  8:52  Overlord x4  
  113  9:08  Mutalisk x4  
  121  9:12  Drone  
  121  9:13  Drone x2  
  121  9:15  Drone x4  
  128  9:19  Drone  
  128  9:22  Drone x2  
  131  9:24  Baneling  
  131  9:25  Baneling x3  
  131  9:26  Drone  
  131  9:27  Zerg Flyer Weapons Level 1  
  131  9:28  Mutalisk, Pneumatized Carapace  
  134  9:32  Overlord  
  134  9:33  Drone x4  
  134  9:37  Extractor  
  137  9:43  Zerg Ground Armor Level 2  
  136  9:53  Zerg Melee Weapons Level 2  
  136  9:57  Hatchery  
  136  9:58  Overlord  
  136  9:59  Zergling x24  
  147  10:01  Baneling x4  
  147  10:07  Zergling x10  
  147  10:10  Zergling x2  
  147  10:13  Overlord  
  147  10:14  Zergling x6  
  156  10:17  Overseer  
  156  10:18  Baneling x11  
  156  10:19  Baneling x2  
  156  10:22  Zergling x8  
  156  10:28  Zergling x14  
  167  10:35  Overlord  
  167  10:39  Zergling x8  
  171  10:43  Zergling x8  
  171  10:46  Drone  
  171  10:49  Overseer, Baneling x3  
  176  10:50  Drone x3  
  176  10:51  Drone x2  
  176  10:52  Drone  
  176  10:54  Drone, Infestation Pit  
  176  10:55  Zergling x2  
  183  10:58  Zergling x2  
  183  10:59  Overlord  
  183  11:01  Baneling x17  
  183  11:02  Baneling x2  
  184  11:05  Zergling x8  
  188  11:15  Zergling x16  
  196  11:21  Zergling x6  
  196  11:25  Baneling x23  
  199  11:33  Hive  
  199  11:43  Spore Crawler  
  199  11:45  Extractor  
  197  11:49  Baneling x4  
  197  11:50  Baneling x8  
  197  11:51  Baneling x2  
  197  11:55  Drone x3  
  200  12:07  Zerg Flyer Weapons Level 2  
  200  12:12  Hatchery  
  199  12:21  Drone  
  199  12:22  Extractor, Drone  
  199  12:28  Drone  
  200  12:33  Spine Crawler  
  200  12:34  Spore Crawler, Hatchery  
  197  12:38  Drone x3  
  187  13:02  Zergling x16  
  187  13:03  Zergling x22  
  198  13:12  Zerg Ground Armor Level 3, Zerg Melee Weapons Level 3, Adrenal Glands  
  198  13:15  Ultralisk Cavern  
  197  13:29  Overlord  
  197  13:31  Zergling x6  
  196  13:45  Zergling x12  
  191  13:54  Hatchery  
  178  14:03  Zergling x2  
  178  14:04  Zergling x42  
  199  14:12  Chitinous Plating  
  199  14:20  Drone  
  197  14:32  Hatchery  
  185  14:44  Ultralisk x2  
  197  14:46  Baneling x14  
  185  14:58  Zergling x42, Ultralisk  
  199  15:00  Baneling  
  199  15:01  Baneling x8  
  198  15:08  Hatchery  
  198  15:13  Baneling x3  
  198  15:14  Baneling  
  193  15:16  Zergling x14  
  193  15:20  Overseer x2  
  198  15:21  Overlord x2  
  198  15:22  Overlord  
  198  15:25  Overlord  
  176  15:30  Zergling x18, Anabolic Synthesis  
  176  15:31  Zergling x4  
  163  15:38  Zergling x18, Ultralisk  
Show
View Real Time Build Order
Export as new Build Order

LiquidClem Terran 

Build Orders: Reaper Expand, Hellion Banshee 

Get SALT Encoding   

  12  0:00  SCV  
  13  0:12  SCV  
  14  0:17  Supply Depot  
  14  0:24  SCV  
  15  0:39  SCV  
  15  0:41  Barracks  
  16  0:43  Refinery  
  16  0:51  SCV  
  17  1:03  SCV  
  18  1:15  SCV  
  19  1:28  Orbital Command, Reaper  
  20  1:38  Command Center  
  20  1:47  Supply Depot  
  20  1:54  SCV  
  20  1:59  Marine  
  22  2:06  SCV  
  23  2:11  Factory  
  23  2:18  SCV  
  23  2:20  Barracks Reactor  
  24  2:30  SCV  
  25  2:39  Command Center  
  25  2:43  SCV  
  26  2:50  Orbital Command  
  26  2:55  SCV  
  27  2:59  Starport  
  27  3:07  Hellion, Refinery  
  27  3:10  SCV  
  30  3:14  Hellion  
  30  3:16  SCV  
  33  3:22  Barracks Tech Lab, SCV  
  34  3:28  SCV  
  34  3:31  Hellion  
  34  3:34  SCV  
  38  3:35  Hellion  
  38  3:40  SCV  
  41  3:45  Banshee  
  41  3:46  SCV  
  45  3:51  Orbital Command  
  45  3:53  SCV  
  45  3:54  Barracks Tech Lab  
  45  3:55  Hellion  
  48  3:58  Hellion  
  48  4:00  SCV  
  51  4:04  Supply Depot  
  51  4:05  SCV  
  51  4:09  Cloaking Field  
  52  4:12  SCV  
  52  4:16  Hellion  
  55  4:17  SCV  
  55  4:18  SCV  
  55  4:20  Hellion  
  59  4:27  SCV  
  59  4:28  Banshee, Supply Depot  
  59  4:29  SCV  
  64  4:33  SCV  
  65  4:40  SCV  
  65  4:41  SCV, Armory  
  65  4:42  Hellion  
  69  4:49  SCV  
  69  4:50  Hellion  
  69  4:51  Supply Depot  
  69  4:52  Supply Depot  
  72  4:56  Barracks  
  72  4:58  Barracks, Stimpack  
  72  5:02  SCV x2  
  72  5:03  Marine  
  72  5:04  Refinery  
  75  5:07  Bunker  
  75  5:13  Banshee, Supply Depot  
  76  5:15  SCV  
  76  5:19  SCV  
  76  5:20  Marine  
  76  5:21  SCV  
  75  5:27  SCV  
  51  5:31  SCV  
  51  5:33  Hellion  
  44  5:38  Marine  
  44  5:41  Orbital Command  
  44  5:42  SCV  
  44  5:43  SCV  
  44  5:48  Marine  
  45  5:54  SCV  
  45  5:56  Marine  
  45  5:57  SCV  
  45  6:06  SCV, Marine  
  45  6:10  Marine  
  42  6:14  Marine  
  42  6:16  SCV  
  42  6:17  SCV  
  45  6:25  SCV  
  46  6:28  SCV, Marine  
  46  6:29  Marine  
  46  6:31  Medivac  
  46  6:32  Marine  
  52  6:34  Orbital Command  
  52  6:36  Supply Depot  
  52  6:37  SCV  
  54  6:40  SCV  
  54  6:46  Engineering Bay, Marine  
  55  6:47  Engineering Bay  
  55  6:49  SCV  
  55  6:50  Marine x2  
  55  6:53  SCV  
  59  6:56  Combat Shield  
  59  6:59  Supply Depot  
  59  7:01  SCV x2  
  60  7:05  SCV  
  62  7:09  Medivac  
  62  7:11  Supply Depot, Marine x3  
  62  7:13  SCV  
  62  7:15  SCV  
  69  7:20  SCV  
  70  7:25  SCV  
  70  7:27  SCV  
  70  7:28  Marine  
  70  7:29  Marine x2  
  72  7:33  Barracks, SCV  
  72  7:35  Barracks  
  73  7:37  SCV  
  73  7:38  Terran Infantry Weapons Level 1  
  73  7:39  SCV  
  73  7:43  Terran Infantry Armor Level 1  
  75  7:46  Marine x2  
  75  7:47  Marine  
  75  7:51  SCV x2  
  80  7:53  Siege Tank  
  80  7:56  SCV  
  81  8:01  Starport Reactor  
  81  8:03  SCV x2  
  81  8:05  Refinery, Marine  
  83  8:06  Barracks Reactor  
  83  8:07  Barracks Reactor  
  83  8:08  SCV  
  82  8:14  Supply Depot  
  82  8:15  Supply Depot, SCV x2  
  84  8:20  SCV  
  85  8:31  Barracks x3  
  85  8:36  Siege Tank, SCV x3, Marine x3  
  94  8:45  Marine  
  94  8:46  Supply Depot, Marine x2  
  94  8:48  Supply Depot, SCV  
  97  8:50  Medivac x2  
  97  8:53  Supply Depot  
  97  8:55  Supply Depot  
  101  8:56  Marine x4  
  101  8:57  SCV x2  
  101  9:00  SCV  
  107  9:03  Marine x3  
  107  9:08  Supply Depot  
  107  9:09  SCV x2  
  99  9:12  Missile Turret  
  99  9:13  Marine x4  
  99  9:15  Missile Turret  
  97  9:18  Missile Turret  
  97  9:21  Marine x2  
  97  9:23  Barracks Reactor, Barracks Tech Lab  
  99  9:24  Barracks Reactor, Marine  
  99  9:27  Medivac  
  99  9:31  Siege Tank, Marine x2  
  105  9:34  Medivac, Marine x2  
  110  9:39  Marine  
  110  9:40  Terran Infantry Weapons Level 2  
  110  9:44  Refinery  
  112  9:46  Marauder, Marine x2  
  112  9:49  Marine x2  
  115  9:54  Marine  
  115  9:55  Marine  
  115  9:57  Marine  
  115  10:02  Command Center  
  115  10:03  Marine x2  
  115  10:05  Marine x4  
  121  10:07  Marine x2  
  121  10:08  Marine  
  121  10:13  Marine x2  
  126  10:16  Marine  
  126  10:20  Supply Depot, Siege Tank  
  130  10:21  Marine  
  130  10:24  Supply Depot, Medivac x2, Marine x3  
  130  10:25  Marine  
  130  10:27  Terran Infantry Armor Level 2  
  139  10:30  Marauder  
  139  10:31  Marine  
  139  10:32  Marine  
  139  10:33  Marine x3  
  146  10:38  Supply Depot  
  146  10:41  Marine  
  146  10:42  Marine x3  
  148  10:44  Supply Depot  
  148  10:46  Supply Depot  
  148  10:49  Factory, Drilling Claws  
  150  10:52  Siege Tank, Marine  
  150  10:53  Marine  
  155  10:57  Marine  
  155  10:58  Marine x2  
  155  11:01  Marine x4  
  155  11:03  Missile Turret, Marauder  
  164  11:04  Marine x2  
  166  11:11  Medivac  
  166  11:12  Medivac  
  166  11:13  Marine  
  171  11:18  Marine  
  171  11:19  Marine  
  171  11:23  Marauder, SCV x3  
  171  11:24  Missile Turret  
  178  11:30  Thor  
  184  11:38  Factory Reactor  
  184  11:39  Marine x3  
  185  11:40  SCV  
  185  11:41  Medivac  
  185  11:43  Marine x3  
  185  11:44  Marine  
  185  11:45  Planetary Fortress  
  192  11:52  Missile Turret  
  192  11:55  Barracks Tech Lab x2  
  192  11:56  Missile Turret  
  192  12:08  Command Center  
  192  12:09  Terran Infantry Weapons Level 3  
  192  12:13  Widow Mine  
  194  12:16  Widow Mine x2  
  198  12:23  Factory  
  198  12:25  Missile Turret, Refinery  
  198  12:28  Missile Turret, SCV  
  198  12:29  SCV  
  199  12:49  Command Center  
  199  12:54  Terran Infantry Armor Level 3  
  199  12:55  Terran Vehicle And Ship Armor Level 1  
  199  12:56  Widow Mine  
  199  12:57  Marine  
  199  12:58  Marauder  
  199  13:04  SCV  
  199  13:05  Command Center, SCV  
  182  13:10  Missile Turret, Marine  
  182  13:11  Missile Turret  
  182  13:15  Widow Mine x2  
  182  13:16  SCV, Marine  
  182  13:17  SCV  
  189  13:23  Orbital Command  
  188  13:35  Widow Mine  
  188  13:36  Widow Mine  
  188  13:37  Widow Mine  
  188  13:40  Medivac, Widow Mine  
  189  13:41  Marine  
  189  13:42  Marine  
  189  13:43  Marauder, Marine  
  189  13:45  SCV  
  189  13:48  SCV  
  184  13:53  SCV  
  176  13:56  Widow Mine  
  176  13:57  Widow Mine, SCV  
  176  13:59  Widow Mine  
  176  14:01  Widow Mine  
  176  14:02  SCV  
  176  14:05  SCV  
  176  14:09  SCV  
  175  14:13  Missile Turret  
  175  14:14  SCV  
  176  14:17  Widow Mine  
  176  14:18  Medivac, Widow Mine, SCV, Marine  
  176  14:21  SCV  
  185  14:24  Widow Mine  
  185  14:26  SCV  
  185  14:30  Marauder, Widow Mine, SCV  
  186  14:33  SCV  
  186  14:35  Marine x5  
  186  14:36  Marine  
  183  14:43  Supply Depot x2  
  183  14:45  Supply Depot  
  177  14:54  Marine  
  177  14:55  Widow Mine x4, SCV x2, Marine x2  
  171  15:06  Marine  
  174  15:07  Marauder  
  174  15:09  Marine x4  
  174  15:10  Supply Depot x2, SCV  
  174  15:13  Marine x2  
  181  15:14  Marine  
  182  15:23  Supply Depot  
  182  15:25  Marine  
  182  15:26  Marine x2  
  182  15:27  Widow Mine x4  
  158  15:30  Marauder  
  135  15:37  SCV x2  
  114  15:48  Widow Mine  
  114  15:49  Widow Mine  
Tags
 
Add a new tag
Caveats
  • Supply blocks, unpowered buildings, or Contaminate may cause inaccurate times.
  • Supply counts are checked every 10 seconds.